 Dungeon Crawl Stone Soup version 0.20-a0-1101-g1de9d76 (webtiles) character file.

69 Alarkh the Chopper (level 4, 35/35 HPs)
             Began as a Demonspawn Berserker on May 4, 2017.
             Was a Follower of Trog.
             Got out of the dungeon alive.
             The game lasted 00:01:15 (1847 turns).

Alarkh the Chopper (Demonspawn Berserker)           Turns: 1847, Time: 00:01:16

Health: 35/35      AC:  2    Str: 17    XL:     4   Next: 2%
Magic:  4/4        EV: 12    Int:  9    God:    Trog [*.....]
Gold:   82         SH:  0    Dex: 13    Spells: 3/3 levels left

rFire    . . .     SeeInvis .   a - +0 hand axe
rCold    . . .     Gourm    .   (no shield)
rNeg     . . .     Faith    .   b - +0 animal skin
rPois    .         Spirit   .   (helmet restricted)
rElec    .         Reflect  .   (no cloak)
rCorr    .         Harm     +   (no gloves)
MR       .....                  (no boots)
Stlth    ++........             r - amulet of harm
Regen    0.2/turn               (no ring)
MPRegen  0.1/turn               (no ring)

@: no status effects
A: antennae 1, nightstalker 1, spiny 1
a: Berserk, Burn Spellbooks, Renounce Religion


You escaped.
You worshipped Trog.
Trog was aware of your devotion.
You were not hungry.

You visited 1 branch of the dungeon, and saw 2 of its levels.

You collected 82 gold pieces.

Inventory:

Hand Weapons
 a - a +0 hand axe (weapon)
Armour
 b - a +0 animal skin (worn)
Jewellery
 r - an amulet of harm (around neck)
Scrolls
 f - a scroll of recharging {unknown}
 h - 4 scrolls of identify {unknown}
 i - a scroll of magic mapping {unknown}
 j - a scroll of teleportation {unknown}
 m - a scroll of enchant weapon {unknown}
 p - a scroll of remove curse {unknown}
Potions
 d - 2 potions of curing {unknown}
 e - a potion of might {unknown}
 l - a potion of brilliance {unknown}
 n - a potion of resistance {unknown}
 q - a potion of flight {unknown}
Comestibles
 c - a bread ration
 g - 3 fruits
 k - 4 chunks of flesh
 o - a meat ration


   Skills:
 - Level 3.0 Fighting
 + Level 4.4 Axes
 - Level 1.7 Armour
 - Level 1.7 Dodging


You had 3 spell levels left.
You didn't know any spells.

Dungeon Overview and Level Annotations

Branches:
Dungeon (2/15)

Altars:
Gozag


Innate Abilities, Weirdness & Mutations

You have a pair of small antennae on your head.
You are slightly more attuned to the shadows.
You are partially covered in sharp spines.


Message History

k - 4 chunks of flesh (gained 1);
k - 5 chunks of flesh (gained 1)
You see here a jackal skeleton. x2
r - a tiny citrine amulet
r - an amulet of harm (around neck)
You now have 82 gold pieces (gained 8).
Eating one of 5 chunks of flesh.
You eat one of the 5 chunks of flesh.
This raw flesh tastes terrible.
There is a stone staircase leading up here.
You climb upwards.
There is a stone staircase leading down here.
There is an open door here.
You see here a ring mail.
There is an escape hatch in the floor here.
There is a staircase leading out of the dungeon here.
Unknown command.
Unknown command.
Unknown command.
Unknown command.
Are you sure you want to leave the Dungeon?
This will make you lose the game!
You have escaped!

#....# ###### #
################ #
#.............># #
#..............###
#...............##
#..........(......
#@............>.##
#...............##
#...............##
#..............###
#.............># #
################


There were no monsters in sight!

Vanquished Creatures
  2 adders (D:2)
  A gnoll (D:1)
  A dart slug (D:1)
  4 bats
  5 giant cockroaches
  9 goblins
  4 hobgoblins
  3 jackals (D:2)
  2 frilled lizards (D:1)
  3 kobolds
  2 rats (D:2)
36 creatures vanquished.

Notes
Turn   | Place    | Note
-------+----------+-------------------------------------------
     0 | D:1      | Alarkh the Demonspawn Berserker began the quest for the Orb.
     0 | D:1      | Reached XP level 1. HP: 18/18 MP: 1/1
   100 | D:1      | Reached skill level 3 in Axes
   105 | D:1      | Gained mutation: You are slightly more attuned to the shadows. [demonic ancestry]
   105 | D:1      | Reached XP level 2. HP: 5/24 MP: 2/2
   494 | D:1      | Gained mutation: You are partially covered in sharp spines. [demonic ancestry]
   494 | D:1      | Reached XP level 3. HP: 22/29 MP: 3/3
  1269 | D:2      | Reached skill level 4 in Axes
  1278 | D:2      | Found an opulent altar of Gozag.
  1726 | D:2      | Gained mutation: You have a pair of small antennae on your head. [demonic ancestry]
  1726 | D:2      | Reached XP level 4. HP: 35/35 MP: 4/4
  1847 | D:$      | Got out of the dungeon alive.

Vault maps used:
D:1:      lemuel_arrival_broad_hall, moated_statue
D:2:      wad_pebble_path, nicolae_overflow_hidden_temple, lemuel_blue_sif_altar

Skill      XL: |  1  2  3 |
---------------+----------+-----
Axes           | 3 4 |  4.4
Fighting       | |  3.0
Armour         | |  1.7
Dodging        | |  1.7

Action                   |  1- 3 |  4- 6 || total
-------------------------+-------+-------++-------
Melee: Hand axe          |    60 |     1 ||    61
Invok: Berserk           |     2 |       ||     2
 Stab: Sleeping          |     6 |       ||     6
  Eat: Chunk             |     4 |     1 ||     5
Armor: Animal skin       |    13 |       ||    13
Dodge: Dodged            |    45 |       ||    45
